 Dungeon Crawl Stone Soup version 0.25-b1-23-ge2ad7d536c (webtiles) character file.

Game seed: 118185454283495067, levelgen mode: deterministic

67 dorian the Covered (level 4, -1/28 HPs)
             Began as a Gargoyle Fighter on May 30, 2020.
             Slain by Sigmund
             ... wielding a +0 scythe
              (4 damage)
             ... on level 2 of the Dungeon.
             The game lasted 00:00:55 (1064 turns).

dorian the Covered (Gargoyle Fighter)               Turns: 1064, Time: 00:00:56

Health: -1/28      AC: 11    Str: 21    XL:     4   Next: 18%
Magic:  4/4        EV:  7    Int:  8    God:
Gold:   92         SH:  9    Dex:  9    Spells: 3/3 levels left

rFire    . . .     SeeInvis .   a - +0 war axe
rCold    . . .     Gourm    .   c - +0 kite shield
rNeg     + . .     Faith    .   b - +0 scale mail
rPois    ∞         Spirit   .   m - +1 hat
rElec    +         Reflect  .   (no cloak)
rCorr    .         Harm     .   (no gloves)
MR       .....                  (no boots)
Stlth    ..........             (no amulet)
HPRegen  0.09/turn              (no ring)
MPRegen  0.09/turn              (no ring)

@: no status effects
A: negative energy resistance 1, electricity resistance, unbreathing,
petrification resistance, rot immunity, AC +3
a: no special abilities


You were on level 2 of the Dungeon.
You were not hungry.

You visited 1 branch of the dungeon, and saw 2 of its levels.

You collected 92 gold pieces.

Inventory:

Hand Weapons
 a - a +0 war axe (weapon)
Armour
 b - a +0 scale mail (worn)
 c - a +0 kite shield (worn)
 m - a +1 hat (worn)
Jewellery
 k - an uncursed ring of fire {unknown}
Scrolls
 e - 2 scrolls of teleportation {unknown}
 h - a scroll of immolation {unknown}
 i - a scroll of identify {unknown}
 n - a scroll of magic mapping {unknown}
 p - a scroll of remove curse {unknown}
Potions
 d - a potion of might
 j - a potion of heal wounds {unknown}
 l - a potion of lignification {unknown}
 o - a potion of haste {unknown}
Comestibles
 f - 2 rations
 g - 8 chunks of flesh


   Skills:
 - Level 3.2 Fighting
 * Level 3.3 Axes
 + Level 4.1 Armour
 - Level 3.2 Shields


You had 3 spell levels left.
You didn't know any spells.
Your spell library was empty.

Dungeon Overview and Level Annotations

Branches:
Dungeon (2/15)

Altars:
Zin

Annotations:
D:2 Sigmund


Innate Abilities, Weirdness & Mutations

You are resistant to torment.
Your stone body is resilient. (AC +3)
You are immune to poison.
You resist negative energy. (rN+)
You are resistant to electric shocks. (rElec)
You can survive without breathing.
You are immune to petrification.
You are immune to rotting.


Message History

You are too injured to fight recklessly!
There is a strange disturbance nearby!
You closely miss something. Something hits you but does no damage.
You closely miss something. Something hits you but does no damage.
You closely miss something. Something hits you.
You closely miss something. Something hits you.
* * * LOW HITPOINT WARNING * * *
You hit something. Something hits you.
* * * LOW HITPOINT WARNING * * *
You miss something. You hit something but do no damage. Something hits you.
* * * LOW HITPOINT WARNING * * *
You hit something. Something hits you.
* * * LOW HITPOINT WARNING * * *
You miss something.
You hear some strange, mumbled words.
A magic dart appears from out of thin air!
The magic dart hits you but does no damage.
You miss something. Something hits you.
You die...

####################
#.............#.(..#
#...$.†.......#....#
#.....{@......#....#
#......†......#....#
..............#....#
#..................#
#..................#
..............#....#
.##.##........#....#
.. .........#....#
.####..#....###


There were no monsters in sight!

Vanquished Creatures
  2 adders (D:2)
  2 dart slugs
  A leopard gecko (D:2)
  6 bats
  2 giant cockroaches
  8 goblins
  2 hobgoblins
  4 jackals (D:1)
  5 frilled lizards
  6 kobolds
  6 rats
44 creatures vanquished.

Notes
Turn   | Place    | Note
-------+----------+-------------------------------------------
     0 | D:1      | dorian the Gargoyle Fighter began the quest for the Orb.
     0 | D:1      | Reached XP level 1. HP: 14/14 MP: 1/1
    19 | D:1      | Reached XP level 2. HP: 16/19 MP: 2/2
   506 | D:1      | Reached XP level 3. HP: 22/23 MP: 3/3
   907 | D:2      | Reached skill level 4 in Armour
   927 | D:2      | Reached XP level 4. HP: 28/28 MP: 4/4
   930 | D:2      | Found a faded altar of an unknown god.
   976 | D:2      | Found a glowing silver altar of Zin.
  1043 | D:2      | Noticed Sigmund
  1064 | D:2      | Slain by Sigmund

Illustrated notes

Levels and vault maps discovered:
D:1:      nzn_arrival_crosshair, layout_basic,
          wander_ebering_terrifying_dragon_lair
D:2:      layout_rooms, nicolae_overflow_crystal_walls,
          chequers_ecumenical_altar_simple, uniq_robin, uniq_sigmund,
          uniq_crazy_yiuf_cottage

Skill      XL: |  1  2  3 |
---------------+----------+-----
Axes           | 2 3 |  3.3
Armour         | 4 |  4.1
Fighting       | |  3.2
Shields        | |  3.2

Action                   |  1- 3 |  4- 6 || total
-------------------------+-------+-------++-------
Melee: War axe           |    95 |    24 ||   119
  Eat: Chunk             |       |     1 ||     1
Armor: Scale mail        |    71 |    12 ||    83
Dodge: Dodged            |    29 |     4 ||    33
Block: Kite shield       |    58 |     5 ||    63
